 Dungeon Crawl Stone Soup version 0.26.1-11-gd32895ea62 (webtiles) character file.

Game seed: 17638122609230390313

5112 bnorton916 the Fighter (level 10, -1/83 HPs)
             Began as a Formicid Fighter on June 12, 2021.
             Was a Priest of Okawaru.
             Slain by an orc warlord
             ... wielding a +1 vampiric war axe
              (5 damage)
             ... in a bailey.
             The game lasted 00:21:17 (11167 turns).

bnorton916 the Fighter (Formicid Fighter)          Turns: 11167, Time: 00:21:18

Health: -1/83      AC: 13    Str: 24    XL:     10   Next: 88%
Magic:  0/12       EV: 17    Int: 11    God:    Okawaru [***...]
Gold:   472        SH: 13    Dex: 10    Spells: 9/9 levels left

rFire    . . .     SeeInvis +   B - +2 spear (venom)
rCold    . . .     Faith    .   c - +0 kite shield
rNeg     . . .     Spirit   +   z - +2 ring mail of Jutohoaz {Int+3 SInv}
rPois    +         Reflect  .   (helmet unavailable)
rElec    .         Harm     .   (no cloak)
rCorr    .         Rampage  .   I - +0 pair of gloves (curse)
Will     +....                  j - +0 pair of boots
Stlth    ++........             b - amulet of guardian spirit
HPRegen  0.23/turn              f - ring of poison resistance
MPRegen  0.13/turn              J - +4 ring of evasion

@: heroism
A: permanent stasis, dig shafts and tunnels, four strong arms, antennae 3
a: Dig, Renounce Religion, Heroism


You were in a bailey.
You worshipped Okawaru.
Okawaru was most pleased with you.
You visited 2 branches of the dungeon, and saw 10 of its levels.
You also visited: Sewer and Bailey.

You collected 733 gold pieces.
You spent 261 gold pieces at shops.

Inventory:

Hand Weapons
 a - a +0 war axe
 h - a +3 hand axe
 l - a +5 whip
 B - a +2 spear of venom (weapon)
 G - a +4 spear
Missiles
 g - 5 curare-tipped darts
 o - 48 poisoned darts
 E - 6 silver javelins
Armour
 c - a +0 kite shield (worn)
 j - a +0 pair of boots (worn)
 k - a cursed +0 chain mail
 y - a +1 tower shield
 z - the +2 ring mail of Jutohoaz (worn) {Int+3 SInv}
   (You bought it in a shop on level 8 of the Dungeon)

   It affects your intelligence (+3).
   It lets you see invisible.
 I - a cursed +0 pair of gloves (worn)
Jewellery
 b - an amulet of guardian spirit (around neck)
 f - a ring of poison resistance (left hand)
 t - an uncursed ring of willpower
 D - an uncursed ring of protection from cold
 J - a +4 ring of evasion (right hand)
Wands
 s - a wand of enslavement (11)
 H - a wand of iceblast (6)
 K - a wand of paralysis (11)
Scrolls
 e - a scroll of fear
 i - a scroll of acquirement {unknown}
 u - 3 scrolls of enchant weapon
 w - a scroll of enchant armour
 x - 2 scrolls of magic mapping
 A - a scroll of immolation
 C - 2 scrolls of fog
 F - 2 scrolls of remove curse
Potions
 m - 5 potions of mutation
 n - 11 potions of curing
 p - a potion of heal wounds
 q - 2 potions of brilliance
 r - 5 potions of flight
 v - a potion of lignification {unknown}
 L - a potion of experience {unknown}


   Skills:
 + Level 9.2(14.2) Fighting
 + Level 8.0(13.0) Axes
 + Level 9.1(14.1) Armour
 - Level 9.0(14.0) Shields
 + Level 3.1 Invocations


You had 9 spell levels left.
You didn't know any spells.
Your spell library was empty.

Dungeon Overview and Level Annotations

Branches:
Dungeon (9/15)             Temple (1/1) D:6           Sewer (visited)
 Bailey (1/1)
   Lair: D:8-11         Orc: D:9-12

Altars:
Ashenzari
Cheibriados
Dithmenos
Elyvilon
Fedhas
Gozag
Hepliaklqana
Kikubaaqudgha
Makhleb
Nemelex Xobeh
Okawaru
Qazlal
Ru
Sif Muna
Uskayaw
Vehumet
Wu Jian
Xom
Yredelemnul
Zin
The Shining One

Shops:
D:8 [


Innate Abilities, Weirdness & Mutations

You cannot be hasted, slowed, berserked, paralysed or teleported.
You can dig through walls and to a lower floor.
Your four strong arms can wield two-handed weapons with a shield.
You have a pair of large antennae on your head. (SInv)


Message History

You hit the orc warlord but do no damage.
The orc warlord looks as sick as possible!
The orc warlord is almost dead.
The orc warlord hits you with a +1 vampiric war axe!
* * * LOW HITPOINT WARNING * * *
You feel much better.
You hit the orc warlord.
The orc warlord looks as sick as possible!
The orc warlord is almost dead.
The orc warlord hits you with a +1 vampiric war axe!!
* * * LOW HITPOINT WARNING * * *
The orc warlord draws strength from your wounds!
You hit the orc warlord but do no damage.
The orc warlord looks as sick as possible!
The orc warlord is severely wounded.
You hit the orc warlord.
The orc warlord looks as sick as possible!
The orc warlord is severely wounded.
The orc warlord hits you with a +1 vampiric war axe.
You die...

#.... #.... ♣♣♣♣♣
###... ♣...♣♣
###.#'#.
♣.).)♣♣♣###..)).##
♣♣♣...)..##.........
♣...)))))#..........
♣♣.....))).)........
♣..@o.∩.)'..)..⌠....
♣........').........
♣..))..).#.....)....
♣♣.......##....))...
♣..!..♣♣♣###.....##
♣♣.♣♣.♣ ###.#'#.
♣♣♣♣♣♣ ###)). #....
#....


You could see an orc warlord (extremely poisoned).

Vanquished Creatures
  An orc knight (Bailey)
  Sigmund (D:3)
  A sky beast (D:7)
  10 orc warriors
  3 necrophages
  2 black bears (D:7)
  An eye of draining (D:7)
  2 phantoms (D:7)
  An ogre (D:8)
  3 centaurs
  3 bullfrogs
  4 big kobolds
  A gnoll sergeant (D:6)
  A water moccasin skeleton (D:7)
  2 wights
  3 howler monkeys
  2 bullfrog zombies (D:6)
  A centaur zombie (D:8)
  A quasit (D:7)
  4 hounds
  8 orc wizards
  A bullfrog skeleton (D:9)
  A centaur skeleton (D:4)
  5 orc priests
  2 jellies
  Ijyb (D:3)
  7 worker ants
  A worker ant zombie (D:8)
  11 adders
  22 gnolls
  10 river rats (Sewer)
  A shadow imp (D:6)
  A white imp (D:7)
  3 ufetubi
  An adder zombie (D:8)
  4 worms
  4 dart slugs
  6 leopard geckos
  46 orcs
  9 giant cockroaches
  27 goblins
  18 hobgoblins
  18 jackals
  5 quokkas
  7 ball pythons
  5 bats
  8 frilled lizards
  27 kobolds
  2 leopard gecko skeletons
  24 rats
332 creatures vanquished.

Vanquished Creatures (others)
  A gnoll (D:6)
  2 withered plants (D:8)
3 creatures vanquished.

Grand Total: 335 creatures vanquished

Notes
Turn   | Place    | Note
-------+----------+-------------------------------------------
     0 | D:1      | bnorton916 the Formicid Fighter began the quest for the
                  | Orb.
     0 | D:1      | Reached XP level 1. HP: 18/18 MP: 1/1
   151 | D:1      | Reached XP level 2. HP: 20/24 MP: 2/2
   355 | D:1      | Reached XP level 3. HP: 24/29 MP: 3/3
   997 | D:2      | Reached XP level 4. HP: 37/37 MP: 4/4
  1470 | D:2      | Reached XP level 5. HP: 42/42 MP: 5/5
  1824 | D:3      | Found a glowing drain.
  1872 | Sewer    | Entered a sewer
  2152 | Sewer    | Noticed a big kobold
  2165 | Sewer    | Killed a big kobold
  2166 | Sewer    | Reached skill level 5 in Shields
  2166 | Sewer    | Reached XP level 6. HP: 35/49 MP: 6/6
  2817 | Sewer    | Reached skill level 5 in Fighting
  2817 | Sewer    | Reached skill level 5 in Armour
  2817 | Sewer    | Reached XP level 7. HP: 56/56 MP: 7/7
  3188 | D:3      | Noticed Sigmund
  3241 | D:3      | Killed Sigmund
  3565 | D:3      | Noticed Ijyb
  3575 | D:3      | Killed Ijyb
  3590 | D:3      | You fall into a shaft and drop 1 floor!
  3912 | D:4      | Reached XP level 8. HP: 58/64 MP: 8/8
  4230 | D:4      | Found a shimmering blue altar of Sif Muna.
  4495 | D:4      | Found a basalt altar of Yredelemnul.
  4502 | D:4      | Found a hide-covered altar of Uskayaw.
  4736 | D:4      | Found a hazy altar of Hepliaklqana.
  4845 | D:5      | Entered Level 5 of the Dungeon
  5009 | D:5      | Reached skill level 5 in Axes
  6136 | D:6      | Found a glowing golden altar of the Shining One.
  6243 | D:6      | Found a staircase to the Ecumenical Temple.
  6520 | D:6      | Reached XP level 9. HP: 67/71 MP: 9/9
  6567 | Temple   | Entered the Ecumenical Temple
  6690 | Temple   | Became a worshipper of Warmaster Okawaru
  7611 | D:7      | Found an opulent altar of Gozag.
  8070 | D:7      | Found a burning altar of Makhleb.
  8151 | D:7      | Reached * piety under Okawaru
  8786 | D:7      | Reached XP level 10. HP: 33/80 MP: 10/10
  9073 | D:7      | Reached ** piety under Okawaru
  9868 | D:8      | Found Cishyoga's Antique Armour Shoppe.
  9886 | D:8      | Bought a warped ring mail for 261 gold pieces
  9896 | D:8      | Identified the +2 ring mail of Jutohoaz {Int+3 SInv} (You
                  | bought it in a shop on level 8 of the Dungeon)
 10099 | D:9      | Found a flagged portal.
 10131 | Bailey   | Entered a bailey
 10300 | Bailey   | Reached skill level 1 in Invocations
 10924 | Bailey   | Reached *** piety under Okawaru
 11009 | Bailey   | Noticed an orc knight
 11034 | Bailey   | Killed an orc knight
 11093 | Bailey   | Noticed an orc warlord
 11165 | Bailey   | HP: 3/83 [orc warlord/+1 vampiric war axe (29)]
 11167 | Bailey   | Slain by an orc warlord

Illustrated notes

Levels and vault maps discovered:
D:1:      psy_arrival_statuary, layout_basic
D:2:      minmay_kobold_bridge, layout_loops_ring, columned_hall_lemuel
D:3:      layout_basic, portal_sewer_entry_b, mrwooster_statue_mirror,
          uniq_ijyb, uniq_sigmund
D:4:      layout_gridville, amethyst_overflow_temple_binary,
          nzn_hepliaklqana_mist_gate, marbit_many_paths
D:5:      layout_loops_corners, minmay_misc_feat_nine_boxes
D:6:      layout_loops_ring, minmay_temple_entry_mini_moons, basic_altar
D:7:      layout_cave_pools, overflow_temple_1_default, basic_altar
D:8:      layout_rooms, serial_undead, serial_undead_a, serial_undead_a,
          serial_undead_b, serial_undead_c, serial_undead_d, serial_undead_a,
          serial_undead_f, serial_shops, shop
D:9:      kennysheep_kobold_camp, layout_cave_pods, tgw_trog, enter_bailey_4,
          hangedman_decor_lopped
Temple:   kb_temple_of_zot
Bailey:   bailey_axe_minmay_hex_keep, bailey

Skill      XL: |  1  2  3  4  5  6  7  8  9 10 |
---------------+-------------------------------+-----
Shields        | 4 5 6 7 8 9 |  9.0
Fighting       | 4 5 6 7 9 |  9.2
Armour         | 4 5 6 7 9 |  9.1
Axes           | 3 4 5 6 8 |  8.0
Invocations    | 3 |  3.1

Action                   |  1- 3 |  4- 6 |  7- 9 | 10-12 || total
-------------------------+-------+-------+-------+-------++-------
Melee: War axe           |   111 |    72 |       |       ||   183
       Whip              |       |   170 |   568 |   133 ||   871
       Spear             |       |       |     7 |   258 ||   265
Invok: Heroism           |       |       |       |     2 ||     2
 Abil: Dig               |     1 |     5 |     9 |     1 ||    16
Evoke: Wand              |       |       |       |     1 ||     1
  Use: Scroll            |       |     5 |    13 |     3 ||    21
       Potion            |       |       |     1 |     5 ||     6
Armor: Scale mail        |    39 |    96 |   203 |    33 ||   371
       Ring mail         |       |       |       |    38 ||    38
Dodge: Dodged            |    26 |    79 |   199 |   119 ||   423
Block: Kite shield       |    59 |   128 |   299 |   169 ||   655
